Map: Coda LE (Void)

Players

Bop - Winner!

  • Race: Protoss Protoss

Strawhat

  • Race: Protoss Protoss

VOD

Have the link to the VOD?

Description

Time

  • Played on: May 3, 2015, 4:06 a.m.
  • Length: 6:06
Show
View Real Time Build Order
Export as new Build Order

Bop Protoss - Winner!

Build Orders: Mass Adepts 

Get SALT Encoding   

  12  0:01  Probe  
  13  0:13  Pylon  
  13  0:18  Probe  
  14  0:31  Probe (Chrono Boost)  
  15  0:41  Probe (Chrono Boost)  
  15  0:42  Gateway  
  16  0:48  Probe  
  17  0:50  Assimilator  
  17  1:00  Probe  
  18  1:12  Probe  
  18  1:13  Pylon  
  19  1:24  Probe  
  20  1:36  Cybernetics Core  
  20  1:37  Gateway  
  20  1:44  Pylon  
  20  1:58  Gateway  
  20  2:12  Adept  
  20  2:13  Warp Gate (Chrono Boost)  
  22  2:22  Gateway  
  22  2:24  Adept  
  24  2:39  Adept  
  26  2:45  Adept  
  28  2:53  Adept  
  30  3:06  Adept  
  32  3:12  Pylon  
  32  3:13  Pylon  
  30  3:36  Gateway  
  30  3:37  Gateway  
  30  3:47  Adept x2  
  30  3:48  Adept x2  
  37  4:13  Adept x2  
  37  4:14  Adept x2  
  43  4:33  Adept x3  
  39  4:58  Adept x4  
  41  5:20  Adept x3  
Show
View Real Time Build Order
Export as new Build Order

Strawhat Protoss 

Build Orders: Phoenix Opening, Phoenix Opening 

Get SALT Encoding   

  12  0:09  Pylon  
  12  0:15  Probe  
  13  0:27  Probe (Chrono Boost)  
  14  0:33  Gateway  
  14  0:39  Probe (Chrono Boost)  
  14  0:41  Assimilator  
  15  0:48  Probe (Chrono Boost)  
  16  0:52  Assimilator  
  16  0:58  Probe (Chrono Boost)  
  17  1:10  Probe (Chrono Boost)  
  18  1:17  Probe (Chrono Boost)  
  19  1:21  Cybernetics Core  
  19  1:27  Probe  
  20  1:33  Pylon  
  20  1:39  Probe (Chrono Boost)  
  21  1:51  Probe (Chrono Boost)  
  22  1:58  Probe (Chrono Boost)  
  22  1:59  Stargate  
  22  2:00  Warp Gate  
  23  2:04  Stalker  
  25  2:13  Pylon  
  25  2:27  Mothership Core (Chrono Boost)  
  27  2:44  Phoenix (Chrono Boost)  
  29  2:51  Stalker  
  31  2:58  Gateway  
  31  3:01  Gateway  
  31  3:04  Pylon  
  31  3:09  Phoenix  
  32  3:38  Phoenix (Chrono Boost)  
  32  3:41  Probe  
  35  3:44  Pylon  
  35  3:50  Twilight Council  
  35  4:15  Stalker x2  
  35  4:16  Stalker  
  38  4:41  Zealot  
  38  4:42  Zealot  
  38  4:49  Stalker  
  32  5:06  Stalker  
  32  5:13  Stalker  
Tags
 
Add a new tag
Caveats
  • Supply blocks, unpowered buildings, or Contaminate may cause inaccurate times.
  • Supply counts are checked every 10 seconds.